 Dungeon Crawl Stone Soup version 0.31-a0-986-g5e6e4ef867 (webtiles) character file.

Game seed: 12233789594616943132

54722 Pooter the Severer (level 14, 0/129 HPs)
             Began as a Minotaur Berserker on Nov 2, 2023.
             Was a Believer of Lugonu.
             Slain by a cane toad (11 damage)
             ... on level 5 of the Lair of Beasts on Nov 4, 2023.
             The game lasted 01:32:12 (21366 turns).

Pooter the Severer (Minotaur Berserker)            Turns: 21366, Time: 01:32:12

Health: 0/129      AC: 18    Str: 26    XL:     14   Next: 35%
Magic:  13/13      EV: 11    Int:  4    God:    Lugonu [**....]
Gold:   676        SH:  5    Dex: 11    Spells: 13/13 levels left

rFire   . . .        a - +4 battleaxe (heavy)
rCold   . . .        (shield currently unavailable)
rNeg    . . .        x - +3 swamp dragon scales
rPois   +            i - +2 hat
rElec   .            M - +2 cloak
rCorr   +            o - +0 pair of gloves
SInv    +            c - +0 pair of boots
Will    ++...        j - amulet of reflection
Stlth   ++           R - ring of willpower
HPRegen 0.41/turn    C - ring of resist corrosion
MPRegen 0.13/turn

%: reflection
@: hasted, very quick
A: horns 2, retaliatory headbutt, see invisible, poison resistance
a: Renounce Religion, Depart the Abyss, Banish


You were on level 5 of the Lair of Beasts.
You worshipped Lugonu.
Lugonu was pleased with you.
You visited 2 branches of the dungeon, and saw 15 of its levels.
You visited the Abyss 1 time.
You also visited: Sewer.

You collected 976 gold pieces.
You spent 300 gold pieces at shops.

Inventory:

Hand Weapons
 a - a +4 heavy battleaxe (weapon)
   (Trog gifted it to you on level 5 of the Lair of Beasts)
 b - a +2 orcbow of electrocution
   (You took it off a centaur on level 9 of the Dungeon)
 s - a +6 trident of venom
   (You took it off a gnoll sergeant on level 8 of the Dungeon)
 y - a +1 longbow
   (You found it on level 10 of the Dungeon)
 G - a +2 trident of draining
   (You took it off Jeremiah on level 6 of the Dungeon)
 H - a +5 halberd
   (You took it off a wight on level 7 of the Dungeon)
 N - a +5 dire flail
   (You took it off a wight on level 1 of the Abyss)
 U - the +6 broad axe of Taecy {flame, Fly Int+3}
   (You acquired it on level 5 of the Dungeon)

   Int+3:     It affects your intelligence (+3).
   Fly:       It grants you flight.
Missiles
 q - 19 poisoned darts
 r - 14 boomerangs (quivered)
 K - 5 javelins
 P - 3 curare-tipped darts
 Q - 204 stones
Armour
 c - a +0 pair of boots (worn)
   (You found it on level 1 of the Dungeon)
 i - a +2 hat (worn)
   (You took it off Gastronok on level 3 of the Lair of Beasts)
 o - a +0 pair of gloves (worn)
   (You found it on level 3 of the Lair of Beasts)
 x - +3 swamp dragon scales (worn)
   (You took it off Maggie on level 8 of the Dungeon)
 M - a +2 cloak (worn)
   (You took it off Crazy Yiuf on level 7 of the Dungeon)
 O - a +0 plate armour
   (You took it off an orc warrior on level 8 of the Dungeon)
Jewellery
 j - an amulet of reflection (around neck)
   (You found it on level 2 of the Dungeon)
 C - a ring of resist corrosion (right hand)
   (You found it on level 7 of the Dungeon)
 R - a ring of willpower (left hand)
   (You found it on level 6 of the Dungeon)
Wands
 d - a wand of iceblast (14)
   (You took it off Urug on level 4 of the Lair of Beasts)
 f - a wand of flame (9)
   (You found it on level 5 of the Lair of Beasts)
 h - a wand of mindburst (14)
   (You found it on level 1 of the Lair of Beasts)
 u - a wand of paralysis (10)
   (You took it off Maggie on level 8 of the Dungeon)
 D - a wand of digging (4)
   (You found it on level 1 of the Lair of Beasts)
Scrolls
 e - a scroll of silence
 l - a scroll of poison {!r}
 n - 4 scrolls of vulnerability {!r}
 p - 3 scrolls of revelation
 t - 5 scrolls of teleportation {@r4}
 E - 4 scrolls of noise {!r}
 I - a scroll of blinking
 J - a scroll of fear
 T - a scroll of butterflies {unknown}
 V - a scroll of fog {unknown}
 W - a scroll of immolation {!r}
Potions
 g - 6 potions of mutation {!q}
 k - a potion of ambrosia {unknown}
 m - 2 potions of lignification {!q}
 v - a potion of cancellation {unknown}
 w - 2 potions of resistance
 z - a potion of haste {@q3}
 A - 3 potions of curing {@q1}
 B - 3 potions of attraction {!q}
 F - a potion of enlightenment {unknown}
 L - a potion of invisibility {unknown}


   Skills:
 + Level 13.4 Fighting
 * Level 18.5 Axes
 * Level 16.1 Ranged Weapons
 - Level 2.4 Armour
 - Level 2.1 Dodging
 - Level 4.8 Stealth
 + Level 6.1 Evocations


You had 13 spell levels left.
You didn't know any spells.
Your spell library was empty.

Dungeon Overview and Level Annotations

Branches:
Dungeon (10/15) Zot: 25222  Temple (0/1) D:6            Lair (5/5) D:8 Zot: 22816
 Shoals (0/4) Lair:2        Snake (0/4) Lair:3        Slime (0/5) Lair:5
  Sewer (visited)
    Orc: D:9-12

Altars:
Ashenzari
Cheibriados
Dithmenos
Elyvilon
Fedhas
Hepliaklqana
Kikubaaqudgha
Makhleb
Nemelex Xobeh
Okawaru
Sif Muna
Uskayaw
Wu Jian
Yredelemnul
Zin
The Shining One
Jiyva

Shops:
D:1 ?   D:3 (

Annotations:
D:8 2 transporters, jujuben's ghost, novice TeHu
Lair:5 1 runed translucent door, Pokonic1's ghost, journeyman DsCj


Innate Abilities, Weirdness & Mutations

You have a pair of horns on your head.
You reflexively headbutt those who attack you in melee.
You have supernaturally acute eyesight. (SInv)
Your system is resistant to poisons. (rPois)


Message History

You are engulfed in a cloud of scalding steam.
* * * LOW HITPOINT WARNING * * *
The smoke demon gestures at you. The sticky flame hits you!
You are covered in liquid flames!
* * * LOW HITPOINT WARNING * * *
You hit the smoke demon. You headbutt the smoke demon!
You kill the smoke demon!
Lugonu accepts your kill.
You chop the small abomination into pieces!!!
You destroy the small abomination!
Lugonu accepts your kill.
You are engulfed in a cloud of scalding steam.
You are covered in liquid flames!
* * * LOW HITPOINT WARNING * * *
A large abomination comes into view.
You feel much better.
You are engulfed in a cloud of scalding steam.
You are covered in liquid flames!
* * * LOW HITPOINT WARNING * * *
You feel yourself speed up.
You are engulfed in a cloud of scalding steam.
You carve the large abomination like a ham!!!
You destroy the large abomination!
Lugonu accepts your kill.
You start resting.
A large abomination comes into view.
A cane toad comes into view.
The large abomination hits you!!
* * * LOW HITPOINT WARNING * * *
You chop the large abomination into pieces!!!
You headbutt the large abomination, but do no damage.
You slash the large abomination!
You destroy the large abomination!
Lugonu accepts your kill.
You hit the cane toad. You block the cane toad's attack.
You barely miss the cane toad. The cane toad barely misses you.
You furiously retaliate!
You headbutt the cane toad, but do no damage.
You closely miss the cane toad. Your headbutt misses the cane toad.
You block the cane toad's attack.
You slice the cane toad!! You headbutt the cane toad.
You block the cane toad's attack.
You hit the cane toad but do no damage. Your headbutt misses the cane toad.
The cane toad stings you!
* * * LOW HITPOINT WARNING * * *
Unknown command.
You hit the cane toad but do no damage. You headbutt the cane toad!
The cane toad stings you!
You die...

♣♣♣♣♣♣♣♣♣♣♣ ♣♣♣♣.^♣♣....)♣♣♣♣
♣♣♣........♣♣.....♣♣♣
♣.......♣♣♣♣♣♣....... ###
♣♣♣♣♣..♣♣ ♣♣♣..÷.. ##.#######♣♣
♣♣..♣♣.♣♣♣♣♣..... .#.....#...♣♣♣
♣♣...)...♣♣..)♣♣..
.............♣♣♣....♣.......♣♣♣♣♣
.......<....♣♣♣.@♣♣♣♣♣♣♣.♣♣♣
...#...##..).♣♣F.♣ ♣ ♣
.##.#.####...♣♣♣.. .###...###...♣
♣♣.. #........#...♣ ..♣
.##.....P#...♣♣ ...
.#............♣♣ ♣...
.##.=...###....♣ ♣♣♣.
...###.####....♣♣♣♣


You could see a cane toad.

Vanquished Creatures
  A lich (Abyss:1)
  Gastronok (Lair:3)
  Kirke (Lair:4)
  A tentacled starspawn (Abyss:1)
  2 very ugly things (Abyss:1)
  A lorocyproca (Abyss:1)
  Fannar (Lair:1)
  A catoblepas (Lair:3)
  A centaur warrior (D:10)
  2 two-headed ogres
  Erica (D:8)
  2 boulder beetles
  2 thrashing horrors
  A sun demon (Abyss:1)
  Urug (Lair:4)
  2 skysharks (Lair:5)
  A deep elf pyromancer (D:10)
  A worldbinder (Abyss:1)
  3 elephants
  2 smoke demons (Lair:5)
  4 black mambas (Lair:1)
  8 cane toads
  A torpor snail (Lair:1)
  A gargoyle (D:10)
  3 rime drakes
  8 komodo dragons
  Jeremiah (D:6)
  Maggie (D:8)
  An unseen horror (Abyss:1)
  An unseen horror zombie (D:10)
  A kobold demonologist (D:9)
  2 burning bushes (Lair:3)
  2 trolls (D:9)
  6 polar bears
  Prince Ribbit (D:6)
  A raiju (Lair:5)
  20 blink frogs
  A meliai zombie (D:10)
  5 dream sheep (Lair:5)
  Sigmund (D:6)
  3 hogs (Lair:4)
  A spriggan (Lair:5)
  4 ynoxinuls
  30 yaks
  2 basilisks
  2 fire bats (Abyss:1)
  4 wyverns
  2 chaos spawn (Lair:5)
  3 steam dragons
  A neqoxec (Abyss:1)
  4 nagas (Lair:3)
  17 small abominations
  An acid dragon (D:10)
  5 hell hounds (Abyss:1)
  22 water moccasins
  6 large abominations
  2 ice beasts
  A sky beast (D:6)
  6 orc warriors
  2 black bears
  7 centaurs
  15 wolves
  An ogre (D:7)
  5 phantoms
  A kobold brigand (Sewer)
  A scorpion (D:5)
  2 gnoll sergeants
  13 bullfrogs
  2 necrophages (D:10)
  13 wights
  A killer bee (D:8)
  An electric eel (Lair:2)
  4 howler monkeys
  3 centaur zombies (D:10)
  4 hounds
  16 jellies
  3 quasits (Abyss:1)
  Crazy Yiuf (D:7)
  A gnoll bouda (D:8)
  11 orc priests
  An iron imp (Abyss:1)
  A human zombie (D:10)
  2 sleepcaps
  5 iguanas
  7 orc wizards
  12 hell rats (Lair:3)
  A mummy (D:10)
  A howler monkey zombie (D:10)
  16 gnolls
  11 adders
  4 river rats
  3 shadow imps
  2 white imps
  5 ufetubi (Abyss:1)
  3 worms
  2 dart slugs
  40 orcs
  12 ball pythons
  4 endoplasms
  4 giant cockroaches
  6 goblins
  8 hobgoblins
  3 jackals
  6 quokkas
  2 bats
  5 frilled lizards
  19 kobolds
  39 rats
  A lurking horror (Abyss:1)
  2 starspawn tentacles (Abyss:1)
547 creatures vanquished.

Vanquished Creatures (others)
  A spriggan (Lair:5)
  2 starspawn tentacles (Abyss:1)
3 creatures vanquished.

Grand Total: 550 creatures vanquished

Notes
Turn   | Place    | Note
-------+----------+-------------------------------------------
     0 | D:1      | Pooter the Minotaur Berserker began the quest for the Orb.
     0 | D:1      | Reached XP level 1. HP: 19/19 MP: 0/0
    82 | D:1      | Reached XP level 2. HP: 24/27 MP: 1/1
   110 | D:1      | Reached skill level 4 in Axes
   142 | D:1      | Found Wielamiu's Magic Scroll Emporium.
   151 | D:1      | Bought a scroll of identify for 24 gold pieces
   180 | D:1      | Reached skill level 1 in Stealth
   514 | D:2      | Reached ** piety under Trog
   569 | D:2      | Reached XP level 3. HP: 30/33 MP: 2/2
   761 | D:1      | Bought 2 scrolls of identify for 48 gold pieces
  1124 | D:3      | Found an ornate altar of the Wu Jian Council.
  1149 | D:3      | Found a shadowy altar of Dithmenos.
  1527 | D:3      | Reached XP level 4. HP: 40/40 MP: 3/3
  1689 | D:3      | Found Mullabb's Antique Weapon Shop.
  1827 | D:3      | Found a shimmering blue altar of Sif Muna.
  1931 | D:3      | Reached skill level 5 in Axes
  2010 | D:4      | Reached XP level 5. HP: 32/47 MP: 4/4
  2074 | D:4      | Reached skill level 1 in Ranged Weapons
  2187 | D:4      | Found a hide-covered altar of Uskayaw.
  2278 | D:1      | Bought a scroll of identify for 24 gold pieces
  2278 | D:1      | Bought a scroll of identify for 24 gold pieces
  2534 | D:4      | Reached *** piety under Trog
  2558 | D:4      | Reached XP level 6. HP: 46/53 MP: 5/5
  2907 | D:5      | Entered Level 5 of the Dungeon
  2940 | D:5      | Found a glowing drain.
  2952 | Sewer    | Entered a sewer
  3182 | Sewer    | Reached skill level 6 in Axes
  4761 | Sewer    | Reached **** piety under Trog
  4788 | Sewer    | Reached skill level 5 in Fighting
  4970 | D:5      | Reached XP level 7. HP: 61/61 MP: 6/6
  4970 | D:5      | Found an iron altar of Okawaru.
  5207 | D:1      | Bought a scroll of enchant weapon for 90 gold pieces
  5355 | D:5      | Found a snail-covered altar of Cheibriados.
  5355 | D:5      | Found a glowing silver altar of Zin.
  5384 | D:5      | Identified a scroll of acquirement
  5385 | D:5      | Acquired the +6 broad axe of Taecy {flame, Fly Int+3}
  5412 | D:5      | Reached skill level 7 in Axes
  5501 | D:5      | Reached XP level 8. HP: 70/70 MP: 7/7
  5563 | D:5      | Reached skill level 8 in Axes
  5841 | D:6      | Found a sparkling altar of Nemelex Xobeh.
  5945 | D:6      | Found a staircase to the Ecumenical Temple.
  6094 | D:6      | Reached skill level 5 in Ranged Weapons
  6160 | D:6      | Noticed Sigmund
  6160 | D:6      | Noticed Jeremiah
  6429 | D:6      | Killed Jeremiah
  6430 | D:6      | Reached skill level 9 in Axes
  6474 | D:6      | Noticed Prince Ribbit
  6684 | D:6      | Killed Prince Ribbit
  6685 | D:6      | Reached XP level 9. HP: 78/78 MP: 8/8
  6774 | D:6      | Killed Sigmund
  7157 | D:6      | Reached skill level 10 in Axes
  7332 | D:7      | Identified the staff of the Shoals {Will+ Int+4 Conj}
  7366 | D:7      | Found a hazy altar of Hepliaklqana.
  7787 | D:1      | Bought a scroll of blinking for 90 gold pieces
  8074 | D:7      | Found a basalt altar of Yredelemnul.
  8147 | D:7      | Found a burning altar of Makhleb.
  8189 | D:7      | Found a runed translucent door.
  8190 | D:7      | Noticed Crazy Yiuf
  8225 | D:7      | Killed Crazy Yiuf
  8392 | D:8      | Noticed Erica
  8403 | D:8      | Noticed jujuben's ghost (novice TeHu)
  8641 | D:8      | Reached skill level 11 in Axes
  8644 | D:8      | Killed Erica
  8645 | D:8      | Reached XP level 10. HP: 89/89 MP: 9/9
  8707 | D:8      | Found a glowing golden altar of the Shining One.
  8741 | D:8      | Found a transporter.
  8746 | D:8      | Found a transporter.
  8768 | D:8      | Noticed Maggie
  8782 | D:8      | Killed Maggie
  8951 | D:8      | Reached skill level 12 in Axes
  9112 | D:8      | Found a staircase to the Lair.
  9116 | D:8      | Noticed a two-headed ogre
  9127 | D:8      | Killed a two-headed ogre
  9510 | D:9      | Noticed an orange demon
  9513 | D:9      | Noticed a soul eater
  9592 | D:9      | Found a blossoming altar of Fedhas.
  9604 | D:9      | Noticed a two-headed ogre
  9611 | D:9      | Killed a two-headed ogre
  9612 | D:9      | Reached skill level 10 in Ranged Weapons
  9710 | D:9      | Reached skill level 13 in Axes
 10539 | D:9      | Reached XP level 11. HP: 78/97 MP: 10/10
 11517 | D:9      | Found a broken altar of Ashenzari.
 11838 | D:10     | Entered Level 10 of the Dungeon
 12474 | D:10     | Noticed a deep elf pyromancer
 12486 | D:10     | Killed a deep elf pyromancer
 12875 | D:10     | Noticed a centaur warrior
 12891 | D:10     | Killed a centaur warrior
 12892 | D:10     | Reached skill level 10 in Fighting
 13406 | D:10     | Reached skill level 14 in Axes
 13435 | D:10     | Found an ancient bone altar of Kikubaaqudgha.
 13593 | Lair:1   | Entered Level 1 of the Lair of Beasts
 13644 | Lair:1   | Upgraded the game from 0.31-a0-983-g7b6862f502 to
                  | 0.31-a0-986-g5e6e4ef867
 14703 | Lair:1   | Reached skill level 1 in Evocations
 14703 | Lair:1   | Reached XP level 12. HP: 108/108 MP: 11/11
 14715 | Lair:1   | Noticed Fannar
 14728 | Lair:1   | Killed Fannar
 14729 | Lair:1   | Reached skill level 15 in Axes
 14827 | Lair:1   | Gained mutation: A frigid envelope surrounds you and
                  | freezes all who hurt you. [potion of mutation]
 14828 | Lair:1   | Lost mutation: A frigid envelope surrounds you and freezes
                  | all who hurt you. [potion of mutation]
 14828 | Lair:1   | Gained mutation: You occasionally shout uncontrollably at
                  | your foes. [potion of mutation]
 14829 | Lair:1   | Lost mutation: You occasionally shout uncontrollably at
                  | your foes. [potion of mutation]
 14829 | Lair:1   | Gained mutation: You have supernaturally acute eyesight.
                  | (SInv) [potion of mutation]
 14829 | Lair:1   | Gained mutation: Your system is resistant to poisons.
                  | (rPois) [potion of mutation]
 15355 | Lair:2   | Noticed a boulder beetle
 15373 | Lair:2   | Killed a boulder beetle
 15525 | Lair:2   | Found a staircase to the Shoals.
 15826 | Lair:2   | Found a white marble altar of Elyvilon.
 16415 | Lair:3   | Noticed a boulder beetle
 16435 | Lair:3   | Reached skill level 16 in Axes
 16564 | Lair:3   | Killed a boulder beetle
 16824 | Lair:3   | Identified the +5 great mace of Parts Unknown {pain, rElec}
 16872 | Lair:3   | Reached ***** piety under Trog
 17184 | Lair:3   | Found a staircase to the Snake Pit.
 17461 | Lair:3   | Noticed Gastronok
 17477 | Lair:3   | Killed Gastronok
 17478 | Lair:3   | Reached XP level 13. HP: 108/118 MP: 12/12
 18137 | Lair:4   | Noticed Urug
 18151 | Lair:4   | Killed Urug
 18246 | Lair:4   | Noticed Kirke
 18261 | Lair:4   | Killed Kirke
 18393 | Lair:4   | Reached skill level 17 in Axes
 18958 | Lair:5   | Entered Level 5 of the Lair of Beasts
 19089 | Lair:5   | Received a gift from Trog
 19381 | Lair:5   | Found a runed translucent door.
 19396 | Lair:5   | Reached skill level 15 in Ranged Weapons
 19396 | Lair:5   | Reached skill level 5 in Evocations
 19436 | Lair:5   | Identified the +2 spear of Violog {drain, Fly rCorr}
 19497 | Lair:5   | Noticed Pokonic1's ghost (journeyman DsCj)
 19658 | Lair:5   | Found a staircase to the Slime Pits.
 19658 | Lair:5   | Found a viscous altar of Jiyva.
 20398 | Abyss:1  | Cast into level 1 of the Abyss (spriggan)
 20695 | Abyss:1  | Found a broken altar of Ashenzari.
 20702 | Abyss:1  | Noticed a tentacled starspawn
 20709 | Abyss:1  | Killed a tentacled starspawn
 20710 | Abyss:1  | Reached skill level 18 in Axes
 20710 | Abyss:1  | Reached XP level 14. HP: 85/129 MP: 13/13
 20786 | Abyss:1  | Found a broken altar of Ashenzari.
 20890 | Abyss:1  | Noticed a lich
 20906 | Abyss:1  | Killed a lich
 20996 | Abyss:1  | Noticed a white very ugly thing
 20998 | Abyss:1  | Found a corrupted altar of Lugonu.
 20998 | Abyss:1  | Noticed a white very ugly thing
 21000 | Abyss:1  | Noticed a white very ugly thing
 21001 | Abyss:1  | Noticed a white very ugly thing
 21004 | Abyss:1  | Killed a white very ugly thing
 21006 | Abyss:1  | Killed a white very ugly thing
 21009 | Abyss:1  | Fell from the grace of Trog
 21009 | Abyss:1  | Became a worshipper of Lugonu the Unformed
 21009 | Abyss:1  | Reached * piety under Lugonu
 21009 | Abyss:1  | Reached ** piety under Lugonu
 21010 | Lair:5   | Escaped the Abyss
 21366 | Lair:5   | Slain by a cane toad

Illustrated notes

Levels and vault maps discovered:
D:1:      minmay_arrival_diagonal_passages, layout_rooms, serial_shops, shop,
          minmay_tiny_reverse_x
D:2:      layout_basic, minmay_tree_intersection, st_stairs_11
D:3:      layout_basic, mainiacjoe_overflow_alcove_4,
          mainiacjoe_overflow_catch_the_wave, serial_shops, shop,
          kennysheep_big_empty_room
D:4:      layout_rooms, nicolae_uskayaw_murder_on_the_dancefloor,
          serial_aquarium, aquarium_bridge_straight [aquarium_subvault_bridge,
          aquarium_subvault_balcony, aquarium_subvault_bridge,
          aquarium_subvault_window], aquarium_bridge_square
          [aquarium_subvault_bridge, aquarium_subvault_bridge,
          aquarium_subvault_wall, aquarium_subvault_balcony],
          aquarium_window_fake, aquarium_window_2, aquarium_window_fake,
          aquarium_view_2c, aquarium_pool_2
D:5:      minmay_chambers_of_threes, layout_basic,
          mainiacjoe_overflow_divided_tiny, mainiacjoe_overflow_small_starburst,
          portal_sewer_entry_b, grunt_decor_fettered,
          chequers_serial_rivers_small_a, serial_park_tiny_2, eino_tiny_chamber
D:6:      layout_gridville, nemelex_xobeh_ov_fountains_minmay,
          minmay_temple_entry_ruins, grunt_ministairs_3, uniq_prince_ribbit1,
          uniq_sigmund, uniq_jeremiah
D:7:      layout_cave_pools, mainiacjoe_overflow_chevrons,
          mainiacjoe_overflow_24_doors, lightli_temple_of_fire,
          minmay_misc_feat_ornament, uniq_crazy_yiuf_cottage
D:8:      layout_rooms, tso_oasis_becter, lair_entry_dummy,
          gammafunk_ghost_arena, minmay_fractal_squares_5, uniq_erica,
          uniq_maggie
D:9:      layout_basic, fedhas_ov_isle_minmay, cheibrodos_ashenzari_chains,
          dk_noncrumbling_3
D:10:     layout_loops_ring, lemuel_mausoleum_altar_kikubaaqudgha
Lair:1:   layout_layer_cave, uniq_fannar
Lair:2:   layout_misc_corridors, minmay_shoals_entry_centaurs, basic_altar,
          serial_bayou_shore_b, lemuel_fruit_tree, grunt_megastairs_1,
          serial_bayou_shore_a
Lair:3:   layout_regular_city, minmay_snake_entry_guardpost_small, minivault_23,
          chequers_serial_rivers_small_3, evilmike_ambush
          [evilmike_ambush_outer_basic, evilmike_ambush_inner_basic],
          infiniplex_staircase_pool_2, uniq_gastronok
Lair:4:   layout_hall_layers, grunt_megastairs_2, uniq_kirke, uniq_urug
Lair:5:   hellmonk_lair_end_abyssal_woods, layout_regular_city,
          minmay_slime_entry_jelly_boxes, ebering_ghost_funeral_grove

Skill      XL: |  1  2  3  4  5  6  7  8  9 10 11 12 13 14 |
---------------+-------------------------------------------+-----
Axes           | 4 5 6 7 9 11 13 14 16 18 | 18.5
Stealth        | 1 2 3 4 |  4.8
Fighting       | 4 5 6 8 9 10 12 13 | 13.4
Ranged Weapons | 1 2 3 6 8 10 12 14 15 16 | 16.1
Evocations     | 1 3 5 6 |  6.1
Armour         | |  2.4
Dodging        | |  2.1

Action                     |  1- 3 |  4- 6 |  7- 9 | 10-12 | 13-15 || total
---------------------------+-------+-------+-------+-------+-------++-------
  Melee: Hand axe          |    88 |    17 |       |       |       ||   105
         Headbutt          |    15 |    24 |    29 |    67 |    33 ||   168
         War axe           |       |   109 |    26 |       |       ||   135
         Punch             |       |     1 |     1 |     2 |     1 ||     5
         Broad axe         |       |       |   106 |   290 |   125 ||   521
         Battleaxe         |       |       |       |       |   156 ||   156
   Fire: Sling             |    22 |    95 |    14 |       |       ||   131
         Orcbow            |       |       |     8 |    78 |   108 ||   194
         Longbow           |       |       |       |   209 |    30 ||   239
  Throw: Stone             |     6 |       |       |       |       ||     6
         Dart              |       |       |     6 |       |       ||     6
         Boomerang         |       |       |       |       |     7 ||     7
 Invoke: Trog's Hand       |       |     1 |     8 |    10 |     7 ||    26
         Berserk           |       |     1 |    10 |     8 |     3 ||    22
         Depart the Abyss  |       |       |       |       |     1 ||     1
  Evoke: Wand              |       |       |       |     3 |     4 ||     7
    Use: Scroll            |     4 |     5 |     7 |    13 |     4 ||    33
         Potion            |       |       |       |     3 |     4 ||     7
   Stab: Sleeping          |     2 |     1 |       |     2 |     1 ||     6
         Paralysed         |       |       |       |     4 |     4 ||     8
 Armour: Animal skin       |    34 |    66 |       |       |       ||   100
         Chain mail        |       |     5 |    89 |     8 |       ||   102
         Plate armour      |       |       |       |   144 |       ||   144
         Swamp dragon scal |       |       |       |   136 |   282 ||   418
  Dodge: Dodged            |    58 |    72 |    49 |   140 |   159 ||   478
  Block: Other             |     3 |    29 |    26 |    76 |    79 ||   213
         Reflection        |       |       |     3 |     6 |       ||     9

Table legend: (Time is in decaauts)
 A = Elapsed time spent in this place.
 B = Non-inter-level travel time spent in this place.
 C = Inter-level travel time spent in this place.
 D = Time resting spent in this place.
 E = Time spent auto-exploring this place.
 F = Levels seen in this place.
 G = Mean time per level.
                   A        B        C        D        E       F      G
               +--------+--------+--------+--------+--------+-----+--------+
         Total |  21645 |  20584 |   1061 |   7683 |   9396 |  17 | 1273.2 |
       Dungeon |  11832 |  10879 |    953 |   4054 |   5021 |  10 | 1183.2 |
          Lair |   7181 |   7074 |    107 |   1845 |   4015 |   5 | 1436.2 |
         Abyss |    618 |    618 |      0 |    289 |     50 |   1 |  618.0 |
         Sewer |   2013 |   2013 |      0 |   1493 |    310 |   1 | 2013.0 |
               +--------+--------+--------+--------+--------+-----+--------+

Top non-repeatable levels by time:
     D:9: 2420 daAuts
   Sewer: 2013 daAuts
  Lair:1: 1822 daAuts
  Lair:5: 1796 daAuts
    D:10: 1714 daAuts
     D:6: 1584 daAuts
  Lair:3: 1473 daAuts
     D:8: 1117 daAuts
  Lair:2: 1066 daAuts
     D:3: 1054 daAuts
  Lair:4: 1022 daAuts
     D:4: 966 daAuts
     D:7: 911 daAuts
     D:5: 879 daAuts
     D:2: 673 daAuts
